 Dungeon Crawl Stone Soup version 0.28-a0-1234-g826d19b2e0 (webtiles) character file.

Game seed: 3592574936001910443

209378 bearlyready the Hand of Fortune (level 18, -2/145 HPs)
             Began as a Demonspawn Venom Mage on Dec 23, 2021.
             Was the Champion of Nemelex Xobeh.
             Slain by a hornet (19 damage)
             ... on level 3 of the Spider Nest.
             The game lasted 01:25:23 (37165 turns).

bearlyready the Hand of Fortune (DsVM)             Turns: 37165, Time: 01:25:23

Health: -2/145     AC: 14    Str:  8 (9)  XL:     18   Next: 15%
Magic:  3/33       EV: 20    Int: 19      God:    Nemelex Xobeh [******]
Gold:   2049       SH:  0    Dex: 22      Spells: 9/25 levels left

rFire   . . .      SeeInvis +   a - +9 demon blade (elec)
rCold   . . .      Faith    .   (no shield)
rNeg    . . .      Spirit   .   U - +0 troll leather armour
rPois   .          Reflect  .   u - +2 helmet
rElec   .          Harm     .   (cloak unavailable)
rCorr   .          Rampage  .   (gloves unavailable)
Will    +....                   y - +5 pair of boots "Tuazeitikh" {Dex+3}
Stlth   ++........              I - amulet of regeneration
HPRegen 1.94/turn               V - ring of see invisible
MPRegen 0.23/turn               E - +4 ring of slaying

@: slowed, very slow
A: hooves 2, ignite blood 2, demonic magic 2, weakness stinger 3, demonic touch
3
}: 1/15 runes: barnacled
a: Renounce Religion, Draw Escape, Draw Destruction, Draw Summoning, Triple
Draw, Deal Four, Stack Five


You were on level 3 of the Spider Nest.
You worshipped Nemelex Xobeh.
Nemelex Xobeh was exalted by your worship.
You visited 5 branches of the dungeon, and saw 31 of its levels.
You visited the Abyss 1 time.

You collected 3018 gold pieces.
You spent 969 gold pieces at shops.

Inventory:

Hand Weapons
 a - a +9 demon blade of electrocution (weapon)
 F - the +7 long sword of Nuski {vorpal, Dex+3}
   (You found it on level 1 of the Lair of Beasts)

   It inflicts extra damage upon your enemies.
   Dex:       It affects your dexterity (+3).
Missiles
 p - 10 javelins
 A - 7 throwing nets
 P - 56 boomerangs
 Q - 7 silver boomerangs
 R - 14 curare-tipped darts
 W - 3 silver javelins
Armour
 u - a +2 helmet (worn)
 y - the +5 pair of boots "Tuazeitikh" (worn) {Dex+3}
   (You found it on level 4 of the Dungeon)

   Dex:       It affects your dexterity (+3).
 U - a +0 troll leather armour (worn)
Jewellery
 d - a ring of protection from fire
 E - a +4 ring of slaying (right hand)
 I - an amulet of regeneration (around neck)
 V - a ring of see invisible (left hand)
 Z - a ring of flight
Wands
 f - a wand of iceblast (17)
 i - a wand of digging (5)
 v - a wand of charming (9)
 w - a wand of polymorph (20)
 D - a wand of flame (10)
 T - a wand of mindburst (8)
Scrolls
 e - 2 scrolls of holy word
 h - 3 scrolls of fog
 j - 19 scrolls of teleportation
 k - 3 scrolls of magic mapping
 m - 3 scrolls of brand weapon
 o - 6 scrolls of immolation
 z - 6 scrolls of amnesia
 C - 8 scrolls of enchant armour
 G - 5 scrolls of summoning
 H - 3 scrolls of fear
 J - 5 scrolls of enchant weapon
 L - a scroll of silence
 N - a scroll of blinking
 Y - 6 scrolls of vulnerability
Potions
 b - 7 potions of attraction
 c - 3 potions of heal wounds
 g - 2 potions of resistance
 l - 4 potions of might
 n - 6 potions of flight
 q - 4 potions of haste
 r - 2 potions of berserk rage
 s - 7 potions of mutation
 t - 7 potions of curing
 M - 3 potions of cancellation
 O - 10 potions of ambrosia
 S - a potion of invisibility
 X - 5 potions of brilliance
Miscellaneous
 x - a condenser vane
 B - a tin of tremorstones (2/2)


   Skills:
 + Level 13.7 Fighting
 - Level 14.0 Long Blades
 - Level 4.0 Throwing
 - Level 5.0 Armour
 - Level 11.1 Dodging
 - Level 1.7 Stealth
 - Level 5.0 Shields
 - Level 4.0 Spellcasting
 - Level 4.0 Hexes
 + Level 1.2 Necromancy
 - Level 1.0 Transmutations
 + Level 0.0 Earth Magic
 - Level 11.1 Poison Magic
 + Level 23.3 Invocations
 - Level 6.1 Evocations


You had 9 spell levels left.
You knew the following spells:

 Your Spells              Type           Power      Damage    Failure   Level
a - Sting                 Tmut/Pois      100%       1d8       1%          1
b - Olgreb's Toxic Radia  Pois           46%        N/A       1%          4
c - Apportation           Tloc           6%         N/A       19%         1
d - Animate Skeleton      Necr           16%        N/A       11%         1
e - Slow                  Hex            76%        N/A       3%          1
f - Confusing Touch       Hex            19%        N/A       11%         3
g - Borgnjor's Vile Clut  Necr/Erth      3%         N/A       99%         5

Your spell library contained the following spells:

 Spells                   Type           Power      Damage    Failure   Level
 Poisonous Vapours        Pois/Air       48%        N/A       3%          2
 Ignite Poison            Fire/Tmut/Pois 19%        N/A       11%         3
 Mephitic Cloud           Conj/Pois/Air  17%        N/A       12%         3
 Summon Small Mammal      Summ           12%        N/A       19%         1
 Vampiric Draining        Necr           8%         2d6       32%         3
 Alistair's Intoxication  Tmut/Pois      17%        N/A       41%         5
 Conjure Flame            Conj/Fire      3%         6-21      50%         3
 Ice Form                 Ice/Tmut       5%         N/A       83%         4
 Petrify                  Tmut/Erth      5%         N/A       83%         4
 Hailstorm                Conj/Ice       3%         3d3       88%         4
 Sticky Flame             Conj/Fire      3%         2d3       88%         4
 Metabolic Englaciation   Hex/Ice        5%         N/A       92%         5
 Eringya's Noxious Bog    Tmut/Pois      13%        N/A       94%         6
 Freezing Cloud           Conj/Ice/Air   1%         6-21      99%         5
 Simulacrum               Ice/Necr       3%         N/A       100%        6
 Statue Form              Tmut/Erth      3%         N/A       100%        6
 Polar Vortex             Ice            1%         N/A       100%        9


Dungeon Overview and Level Annotations

Branches:
Dungeon (15/15)            Temple (0/1) D:7            Lair (6/6) D:10
 Shoals (4/4) Lair:3       Spider (4/4) Lair:3        Slime (0/5) Lair:6
    Orc (2/2) D:9             Elf (0/3) Orc:2        Vaults (0/5) D:13
 Depths (0/4) D:15

Altars:
Makhleb
Nemelex Xobeh
Trog
Uskayaw
Wu Jian
Jiyva

Shops:
D:5 (   D:6 *   Orc:2 ??**   Shoals:4 **

Portals:
Hell: Lair:6
Abyss: Orc:2

Annotations:
D:13 3 runed translucent doors, exclusion: obsidian statue
Shoals:2 2 transporters, exclusion: oklob plant, Loucydgh's ghost, adept MfGl
Orc:1 2 transporters, SensoryNuts's ghost, novice TrFi
Orc:2 2 transporters


Innate Abilities, Weirdness & Mutations

You have hoof-like feet.
Your demonic aura often causes spilled blood to erupt in flames.
Spells you cast may paralyse nearby enemies.
You have a sharp stinger which inflicts weakening toxins.
Your touch may irresistibly damage your foes and sap their willpower.


Message History

You suddenly lose the ability to move!
The hornet pulls away from the web.
The hornet stings you!
You feel as though you will be slow longer.
You feel very sick. The hornet stings you!!
You feel as though you will be slow longer.
The hornet stings you!
You are more poisoned.
You feel as though you will be slow longer.
The hornet stings you!
* * * LOW HITPOINT WARNING * * *
You feel as though you will be slow longer.
The hornet is engulfed in blazing flames.
The hornet stings you but does no damage.
You feel very sick. The hornet stings you!
* * * LOW HITPOINT WARNING * * *
You feel as though you will be slow longer.
The hornet is engulfed in blazing flames.
The hornet stings you.
* * * LOW HITPOINT WARNING * * *
You are more poisoned.
You shrug off the repeated paralysis!
The hornet stings you but does no damage.
The hornet is engulfed in blazing flames.
The hornet stings you.
* * * LOW HITPOINT WARNING * * *
You are lethally poisoned!
You feel as though you will be slow longer.
You can move again.
Blink to where?
Press: ? - help, Dir - move target
As you read the scroll of blinking, it crumbles to dust.
* * * LOW HITPOINT WARNING * * *
You feel extremely sick.
The hornet rages.
The hornet is engulfed in blazing flames. x3
You feel better. The hornet stings you!!
You die...
Your body glows with a rainbow of weird colours and disappears.

##...............[.......^.#
#.#................=......##
#.#...............†.........
#.#..............○○)........
#.#..............○.^..###...
###.................#######.
#..#.........y......##.###.#
##..#........y.....##....##.#
##...#.......@##.#.####.....##
#...........###.....# #.....#
#...##...........^..###.....##
#.#####.##.##........##......#
### ####..........^###....#.
##.............##..##.
#.............###.###.
#.............######.#
##.†...........# ##.#


You could see 2 hornets.

Vanquished Creatures
  Bai Suzhen (Spider:3)
  Jorgrun (Spider:2)
  Kirke (Shoals:1)
  Agnes (D:15)
  3 emperor scorpions
  An orc warlord (Orc:2)
  2 ghost moths (Spider:4)
  Aizul (Shoals:1)
  4 entropy weavers (Spider:3)
  A spark wasp (Spider:3)
  Snorg (Orc:1)
  2 merfolk javelineers (Shoals:4)
  7 merfolk impalers
  A fire dragon (D:15)
  3 boulder beetles
  A rakshasa (Spider:3)
  8 hydras
  A catoblepas (Lair:3)
  4 merfolk avatars
  6 two-headed ogres
  A dancing weapon (D:12)
  4 merfolk aquamancers
  A death knight (D:14)
  3 tengu warriors
  2 centaur warriors
  The ghost of AigisTheKnight the Gusty, a novice DrAE of Vehumet (D:7)
  4 satyrs
  4 death yaks (Lair:4)
  The ghost of ytrimaz the Martial Artist, a novice OpTm of Jiyva (D:9)
  3 orc high priests (Orc:2)
  Urug (Lair:6)
  A skeletal warrior (D:14)
  A sixfirhy (Lair:6)
  7 sea snakes
  4 wizards
  2 deep elf pyromancers
  33 wolf spiders
  15 harpies
  A necromancer (D:15)
  11 orb spiders
  6 orc knights (Orc:2)
  18 manticores
  8 orc sorcerers
  4 ugly things
  33 fauns
  5 cyclopes
  2 moths of wrath
  9 elephants (Lair:6)
  9 cane toads
  12 merfolk sirens
  8 black mambas
  2 apocalypse crabs
  3 water nymphs
  A naga mage (D:15)
  2 orange demons (Lair:6)
  A gargoyle (D:12)
  2 rime drakes
  2 centaur skeletons (D:15)
  A yaktaur (Shoals:1)
  2 unseen horrors
  A freezing wraith (D:14)
  11 komodo dragons
  12 demonic crawlers
  A hellwing (Lair:6)
  2 kobold demonologists
  An ice devil (Lair:6)
  2 red devils (Lair:6)
  2 efreet
  A tengu conjurer (D:15)
  A queen bee (D:14)
  4 trolls
  10 polar bears
  29 jumping spiders
  33 merfolk
  3 meliai (D:14)
  A harpy skeleton (D:15)
  15 hornets
  2 wind drakes (Shoals:4)
  5 dream sheep
  23 blink frogs
  16 slime creatures
  A meliai zombie (D:15)
  9 snapping turtles
  3 shadows
  14 water elementals
  30 tarantellas
  4 wyverns
  A human (Shoals:1)
  51 redbacks
  4 wraiths
  2 spriggans (Lair:5)
  Eustachio (D:4)
  5 basilisks
  2 hogs (Shoals:1)
  24 yaks
  A steam dragon (D:6)
  11 vampire mosquitoes
  4 wargs (D:15)
  18 water moccasins
  An acid dragon (D:13)
  33 orc warriors
  5 hell hounds (Lair:6)
  3 ice beasts
  3 black bears
  13 ogres
  14 wolves
  5 centaurs
  A phantom (D:5)
  10 kobold brigands
  7 bullfrogs
  2 scorpions
  A wyvern skeleton (D:6)
  33 killer bees
  2 electric eels (Lair:4)
  2 howler monkeys
  A lava snake (Lair:6)
  5 centaur zombies
  A jelly (D:5)
  A hound (D:5)
  27 orc priests
  A gnoll shaman (D:9)
  Jessica (D:3)
  A hell rat (Lair:6)
  An iguana (D:5)
  34 orc wizards
  A killer bee zombie (D:4)
  A hound skeleton (D:4)
  A howler monkey zombie (D:9)
  Robin (D:3)
  8 adders
  5 gnolls (D:9)
  A howler monkey skeleton (D:5)
  2 shadow imps
  3 white imps
  5 worms
  3 dart slugs
  124 orcs
  10 ball pythons
  6 endoplasms
  7 giant cockroaches
  13 goblins
  11 hobgoblins
  4 jackals
  17 kobolds
  3 bats
  7 frilled lizards
  8 rats
  A butterfly (Lair:6)
1090 creatures vanquished.

Vanquished Creatures (collateral kills)
  Louise (D:14)
  A hydra (Lair:3)
  A dancing weapon (D:13)
  Sonja (Lair:3)
  Nergalle (Orc:1)
  A sea snake (Shoals:1)
  3 oklob plants (Lair:3)
  2 orb spiders (Spider:3)
  A gargoyle (D:13)
  A demonic crawler (Spider:3)
  A freezing wraith (D:14)
  A merfolk (Lair:3)
  2 blink frogs (Lair:3)
  A redback (Spider:3)
  A tarantella (Spider:1)
  A wraith (D:14)
  2 wargs (Orc:2)
  Menkaure (D:7)
23 creatures vanquished.

Vanquished Creatures (others)
  A water elemental (D:15)
  23 fungi
  359 plants
383 creatures vanquished.

Grand Total: 1496 creatures vanquished

Notes
Turn   | Place    | Note
-------+----------+-------------------------------------------
     0 | D:1      | bearlyready the Demonspawn Venom Mage began the quest for
                  | the Orb.
     0 | D:1      | Reached XP level 1. HP: 13/13 MP: 3/3
    20 | D:1      | Reached skill level 1 in Transmutations
   473 | D:1      | Discovered your monstrous ancestry.
   473 | D:1      | Gained mutation: You have large cloven feet. [demonic
                  | ancestry]
   473 | D:1      | Reached XP level 2. HP: 19/19 MP: 1/5
  1439 | D:2      | Gained mutation: You have a small tail. [demonic ancestry]
  1439 | D:2      | Reached XP level 3. HP: 21/24 MP: 3/6
  2569 | D:2      | Gained mutation: You have a tail ending in a sharp stinger.
                  | [demonic ancestry]
  2569 | D:2      | Reached XP level 4. HP: 29/30 MP: 7/7
  2657 | D:2      | Reached skill level 5 in Poison Magic
  2914 | D:2      | Found a faded altar of an unknown god.
  3029 | D:2      | Learned a level 4 spell: Olgreb's Toxic Radiance
  3057 | D:3      | Noticed Robin
  3066 | D:3      | Killed Robin
  3338 | D:3      | Gained mutation: You have hoof-like feet. [demonic
                  | ancestry]
  3338 | D:3      | Reached XP level 5. HP: 35/35 MP: 0/8
  3649 | D:3      | Noticed Jessica
  3658 | D:3      | Killed Jessica
  4031 | D:3      | Found a sparkling altar of Nemelex Xobeh.
  4031 | D:3      | Found a hide-covered altar of Uskayaw.
  4283 | D:4      | Noticed Eustachio
  4321 | D:4      | Killed Eustachio
  4322 | D:4      | Gained mutation: Your touch may inflict minor irresistible
                  | damage on your foes. [demonic ancestry]
  4322 | D:4      | Reached XP level 6. HP: 39/41 MP: 1/9
  4591 | D:4      | Gained mutation: Your demonic aura sometimes causes spilled
                  | blood to erupt in flames. [demonic ancestry]
  4591 | D:4      | Reached XP level 7. HP: 15/46 MP: 10/10
  4717 | D:3      | Became a worshipper of Nemelex Xobeh the Trickster
  5250 | D:4      | Identified the +5 pair of boots "Tuazeitikh" {Dex+3}
  6012 | D:5      | Entered Level 5 of the Dungeon
  6164 | D:5      | Reached XP level 8. HP: 18/51 MP: 8/11
  6411 | D:5      | Reached skill level 10 in Poison Magic
  7045 | D:5      | Reached * piety under Nemelex Xobeh
  7197 | D:5      | Found Hudiver's Antique Weapon Boutique.
  7264 | D:5      | Reached skill level 1 in Fighting
  8346 | D:6      | Received a gift from Nemelex Xobeh
  8361 | D:6      | Reached skill level 2 in Invocations
  8361 | D:6      | Gained mutation: Spells you cast may paralyse adjacent
                  | enemies. [demonic ancestry]
  8361 | D:6      | Reached XP level 9. HP: 64/64 MP: 9/13
  8366 | D:6      | Reached skill level 3 in Invocations
  8367 | D:6      | Reached skill level 4 in Invocations
  8368 | D:6      | Reached skill level 5 in Invocations
  8422 | D:6      | Found Suvin's Assorted Antiques.
  8427 | D:6      | Reached skill level 6 in Invocations
  8454 | D:6      | Bought a potion of curing for 90 gold pieces
  8955 | D:6      | Reached ** piety under Nemelex Xobeh
  9486 | D:7      | Found a runed translucent gate.
  9486 | D:7      | Found a runed translucent gate.
  9486 | D:7      | Found a runed translucent gate.
  9487 | D:7      | Noticed AigisTheKnight's ghost (novice DrAE)
  9488 | D:7      | Noticed a kobold demonologist
  9562 | D:7      | Received a gift from Nemelex Xobeh
  9604 | D:7      | Reached skill level 7 in Invocations
  9638 | D:7      | Found a staircase to the Ecumenical Temple.
  9861 | D:7      | Noticed Menkaure
  9869 | D:7      | Killed Menkaure
  9870 | D:7      | Reached skill level 8 in Invocations
 10051 | D:7      | Reached *** piety under Nemelex Xobeh
 10572 | D:8      | Noticed a manticore
 10604 | D:8      | Killed a manticore
 10605 | D:8      | Reached skill level 10 in Invocations
 10752 | D:8      | Reached skill level 11 in Invocations
 10752 | D:8      | Reached XP level 10. HP: 36/70 MP: 18/18
 11074 | D:8      | Reached skill level 12 in Invocations
 11400 | D:8      | Reached skill level 1 in Shields
 11644 | D:8      | Received a gift from Nemelex Xobeh
 11849 | D:9      | Noticed a sixfirhy
 12066 | D:9      | Found a staircase to the Orcish Mines.
 12115 | D:9      | Reached skill level 13 in Invocations
 12220 | D:9      | Noticed a two-headed ogre
 12246 | D:9      | Received a gift from Nemelex Xobeh
 12309 | D:9      | Noticed a two-headed ogre
 12310 | D:9      | Found a transporter.
 12313 | D:9      | Reached **** piety under Nemelex Xobeh
 12314 | D:9      | Found a transporter.
 12399 | D:9      | Found a bloodstained altar of Trog.
 12408 | D:9      | Noticed a two-headed ogre
 12408 | D:9      | Noticed a tengu warrior
 12411 | D:9      | Noticed ytrimaz's ghost (novice OpTm)
 12412 | D:9      | Noticed a moth of wrath
 12641 | D:10     | Entered Level 10 of the Dungeon
 12666 | D:10     | Noticed a two-headed ogre
 12687 | D:10     | Killed a two-headed ogre
 12822 | D:10     | Noticed a two-headed ogre
 12840 | D:10     | Killed a two-headed ogre
 12863 | D:10     | Received a gift from Nemelex Xobeh
 12880 | D:10     | Found a staircase to the Lair.
 12893 | D:10     | Reached skill level 5 in Shields
 12893 | D:10     | Gained mutation: Your touch may inflict irresistible damage
                  | on your foes. [demonic ancestry]
 12893 | D:10     | Reached XP level 11. HP: 61/75 MP: 21/21
 13169 | Lair:1   | Entered Level 1 of the Lair of Beasts
 13254 | D:11     | Reached skill level 14 in Invocations
 13591 | D:11     | Received a gift from Nemelex Xobeh
 13868 | D:11     | Received a gift from Nemelex Xobeh
 13918 | D:11     | Reached skill level 1 in Long Blades
 14224 | D:12     | Identified the +4 ring mail of Istro {rC- Will- Dex+6
                  | Stlth+}
 14341 | D:12     | Reached skill level 1 in Evocations
 14447 | D:12     | Noticed a wizard
 14456 | D:12     | Killed a wizard
 14622 | D:12     | Reached ***** piety under Nemelex Xobeh
 14693 | D:12     | Received a gift from Nemelex Xobeh
 14825 | D:12     | Noticed a two-headed ogre
 14832 | D:12     | Noticed a boulder beetle
 14854 | D:12     | Killed a boulder beetle
 14862 | D:12     | Killed a two-headed ogre
 14883 | D:12     | Reached skill level 15 in Invocations
 15263 | D:12     | Noticed a red ugly thing
 15279 | D:12     | Killed a red ugly thing
 15280 | D:12     | Reached skill level 1 in Throwing
 15484 | D:13     | Noticed a +8 long sword
 15508 | D:12     | Identified the -2 quarterstaff of Soink {flame, Contam rF++
                  | Will+}
 15511 | D:12     | Killed a +8 long sword
 15576 | D:13     | Found a gate to the Vaults.
 15590 | D:13     | Noticed a +6 long sword
 15604 | D:13     | HP: 3/77 [+6 long sword (15)]
 15612 | D:13     | Killed a +6 long sword
 15682 | D:13     | Noticed a tengu warrior
 15763 | D:13     | Received a gift from Nemelex Xobeh
 15766 | D:13     | Noticed a seven-headed hydra
 15828 | D:12     | Gained mutation: Spells you cast may paralyse nearby
                  | enemies. [demonic ancestry]
 15828 | D:12     | Reached XP level 12. HP: 73/83 MP: 23/23
 15894 | Orc:1    | Entered Level 1 of the Orcish Mines
 15903 | Orc:1    | Reached skill level 5 in Evocations
 16072 | Orc:1    | Noticed Snorg
 16084 | Orc:1    | Killed Snorg
 16085 | Orc:1    | Reached skill level 5 in Long Blades
 16142 | Orc:1    | Found a transporter.
 16147 | Orc:1    | Noticed SensoryNuts's ghost (novice TrFi)
 16162 | Orc:1    | Found a transporter.
 16180 | Orc:1    | Noticed Nergalle
 16198 | Orc:1    | Killed Nergalle
 16421 | Orc:2    | Entered Level 2 of the Orcish Mines
 16421 | Orc:2    | Noticed an orc warlord
 16431 | Orc:2    | Reached skill level 16 in Invocations
 16435 | Orc:2    | Killed an orc warlord
 16643 | Orc:2    | Paralysed by an orc sorcerer for 5 turns
 16775 | Orc:2    | Found a staircase to the Elven Halls.
 16775 | Orc:2    | Noticed a hell hog
 16945 | Orc:2    | Noticed an orc high priest
 16946 | Orc:2    | Noticed an orc high priest
 16949 | Orc:2    | Noticed an orc high priest
 16954 | Orc:2    | Killed an orc high priest
 16954 | Orc:2    | Killed an orc high priest
 16955 | Orc:2    | Reached skill level 17 in Invocations
 16965 | Orc:2    | Killed an orc high priest
 16975 | Orc:2    | Reached XP level 13. HP: 69/88 MP: 20/25
 17010 | Orc:2    | Found Qiegaxen's Assorted Antiques.
 17010 | Orc:2    | Found Kejitz's Magic Scroll Emporium.
 17012 | Orc:2    | Found Mimnuuve's General Store.
 17012 | Orc:2    | Found Qyryn's Magic Scroll Emporium.
 17025 | Orc:2    | Bought a scroll of enchant armour for 82 gold pieces
 17025 | Orc:2    | Bought a scroll of blinking for 82 gold pieces
 17031 | Orc:2    | Bought a scroll of teleportation for 84 gold pieces
 17033 | Orc:2    | Bought a scroll of teleportation for 36 gold pieces
 17033 | Orc:2    | Bought a scroll of magic mapping for 42 gold pieces
 17034 | Orc:2    | Bought a scroll of enchant armour for 97 gold pieces
 17034 | Orc:2    | Bought 3 scrolls of teleportation for 117 gold pieces
 17036 | Orc:2    | Bought a scroll of enchant weapon for 82 gold pieces
 17036 | Orc:2    | Bought a scroll of teleportation for 33 gold pieces
 17038 | Orc:2    | Bought a scroll of fog for 26 gold pieces
 17134 | Orc:2    | Found a transporter.
 17169 | Orc:2    | Noticed a purple very ugly thing
 17170 | Orc:2    | Found a one-way gate to the infinite horrors of the Abyss.
 17173 | Orc:2    | Found a transporter.
 17203 | Orc:2    | Noticed a crystal guardian
 18022 | Lair:1   | Identified the +7 long sword of Nuski {vorpal, Dex+3}
 18411 | Lair:2   | Received a gift from Nemelex Xobeh
 18483 | Lair:2   | Reached skill level 5 in Fighting
 18756 | Lair:2   | Reached skill level 18 in Invocations
 18768 | Lair:2   | Received a gift from Nemelex Xobeh
 18825 | Lair:2   | Identified the +0 robe of the Six Scars {rC- Str+4 Dex+3}
 19376 | Lair:3   | Received a gift from Nemelex Xobeh
 19381 | Lair:3   | Identified the +5 rapier "Nokyptau" {vamp, Drain Will+
                  | Str+6 Dex+3}
 19657 | Lair:3   | Noticed Sonja
 19660 | Lair:3   | Killed Sonja
 19715 | Lair:3   | Found a hole to the Spider Nest.
 20014 | Lair:3   | Reached ****** piety under Nemelex Xobeh
 20063 | Lair:3   | Reached skill level 5 in Dodging
 20083 | Lair:3   | Found a staircase to the Shoals.
 20275 | Lair:3   | Received a gift from Nemelex Xobeh
 20536 | Spider:1 | Entered Level 1 of the Spider Nest
 20536 | Spider:1 | You fall into a shaft and drop 1 floor!
 20536 | Spider:2 | Noticed Jorgrun
 20614 | Spider:2 | Gained mutation: Your touch may irresistibly damage your
                  | foes and sap their willpower. [demonic ancestry]
 20614 | Spider:2 | Reached XP level 14. HP: 88/101 MP: 21/27
 20889 | Lair:4   | Reached skill level 19 in Invocations
 21223 | Lair:4   | Received a gift from Nemelex Xobeh
 21899 | Lair:5   | Received a gift from Nemelex Xobeh
 21930 | Lair:5   | Reached skill level 10 in Long Blades
 22179 | Lair:5   | Received a gift from Nemelex Xobeh
 22677 | Lair:5   | Learned a level 1 spell: Apportation
 22679 | Lair:5   | Learned a level 1 spell: Animate Skeleton
 22707 | Lair:6   | Entered Level 6 of the Lair of Beasts
 22969 | Lair:6   | Found a viscous altar of Jiyva.
 22969 | Lair:6   | Found a staircase to the Slime Pits.
 23037 | Lair:6   | Received a gift from Nemelex Xobeh
 23151 | Lair:6   | Learned a level 1 spell: Slow
 23356 | Lair:6   | Reached skill level 1 in Hexes
 23461 | Lair:6   | Noticed Urug
 23468 | Lair:6   | Killed Urug
 23799 | Lair:6   | Received a gift from Nemelex Xobeh
 23819 | Lair:6   | Found a burning altar of Makhleb.
 23837 | Lair:6   | Gained mutation: Your demonic aura often causes spilled
                  | blood to erupt in flames. [demonic ancestry]
 23837 | Lair:6   | Reached XP level 15. HP: 93/112 MP: 21/28
 23853 | Lair:6   | Found a gateway to Hell.
 24468 | D:13     | Received a gift from Nemelex Xobeh
 24485 | D:13     | Found a runed translucent door.
 24495 | D:13     | Found a runed translucent door.
 24510 | D:13     | Found a runed translucent door.
 24544 | D:13     | Found a runed translucent door.
 24969 | D:14     | Reached skill level 20 in Invocations
 25057 | D:14     | Received a gift from Nemelex Xobeh
 25595 | D:14     | Received a gift from Nemelex Xobeh
 25850 | D:14     | Noticed Louise
 25851 | D:14     | Cast into level 3 of the Abyss (Louise)
 25877 | D:14     | Escaped the Abyss
 25887 | D:14     | Killed Louise
 25931 | D:15     | Entered Level 15 of the Dungeon
 25973 | D:15     | Identified the +5 trident of the Sage {venom, rF++ rC+
                  | Str-5}
 26107 | D:15     | Noticed Agnes
 26116 | D:15     | Killed Agnes
 26250 | D:15     | Found a staircase to the Depths.
 26597 | D:15     | Reached skill level 10 in Fighting
 27187 | Shoals:1 | Entered Level 1 of the Shoals
 27283 | Shoals:1 | Noticed Aizul
 27294 | Shoals:1 | Killed Aizul
 27704 | Shoals:1 | Received a gift from Nemelex Xobeh
 27988 | Shoals:1 | Noticed Kirke
 27996 | Shoals:1 | Killed Kirke
 27997 | Shoals:1 | Reached XP level 16. HP: 124/124 MP: 18/30
 28085 | Shoals:2 | Reached skill level 21 in Invocations
 28132 | Shoals:2 | Found an ornate altar of the Wu Jian Council.
 28313 | Shoals:2 | Received a gift from Nemelex Xobeh
 28828 | Shoals:2 | Noticed a kraken
 28986 | Shoals:2 | Found a transporter.
 28999 | Shoals:2 | Found a transporter.
 29000 | Shoals:2 | Noticed Loucydgh's ghost (adept MfGl)
 29317 | Shoals:3 | Received a gift from Nemelex Xobeh
 29330 | Shoals:3 | Reached skill level 10 in Dodging
 29956 | Shoals:3 | Received a gift from Nemelex Xobeh
 30327 | Shoals:4 | Entered Level 4 of the Shoals
 30815 | Shoals:4 | Received a gift from Nemelex Xobeh
 31231 | Shoals:4 | Reached skill level 22 in Invocations
 31343 | Shoals:3 | Gained mutation: You have a sharp stinger which inflicts
                  | weakening toxins. [demonic ancestry]
 31343 | Shoals:3 | Reached XP level 17. HP: 39/133 MP: 23/32
 31430 | Shoals:4 | Received a gift from Nemelex Xobeh
 31879 | Shoals:4 | Found Imug's General Store.
 31881 | Shoals:4 | Found Icuka's Specific Store.
 31908 | Shoals:4 | Bought a scroll of teleportation for 54 gold pieces
 31908 | Shoals:4 | Bought a scroll of teleportation for 54 gold pieces
 31908 | Shoals:4 | Bought a potion of heal wounds for 90 gold pieces
 31966 | Shoals:4 | Got a barnacled rune of Zot
 32587 | D:7      | Killed AigisTheKnight's ghost
 32725 | D:9      | Killed ytrimaz's ghost
 33357 | Spider:1 | Received a gift from Nemelex Xobeh
 33604 | Spider:1 | Learned a level 3 spell: Confusing Touch
 33835 | Spider:2 | Reached skill level 1 in Armour
 33969 | Spider:2 | Received a gift from Nemelex Xobeh
 33989 | Spider:2 | Killed Jorgrun
 35081 | Spider:2 | Identified a scroll of acquirement
 35081 | Spider:2 | Acquired a +1 demon blade of electrocution
 35343 | Spider:3 | Received a gift from Nemelex Xobeh
 36034 | Spider:3 | Identified the +3 demon trident of Beogh's Indignation
                  | {flame, rElec Will- Int+3 SInv}
 36283 | Spider:3 | Received a gift from Nemelex Xobeh
 36747 | Spider:4 | Entered Level 4 of the Spider Nest
 36804 | Spider:4 | Reached skill level 23 in Invocations
 36853 | Spider:4 | Received a gift from Nemelex Xobeh
 36933 | Spider:4 | Reached XP level 18. HP: 119/144 MP: 24/33
 37024 | Spider:4 | Noticed Bai Suzhen
 37041 | Spider:3 | Reached skill level 5 in Armour
 37101 | Spider:3 | Learned a level 5 spell: Borgnjor's Vile Clutch
 37106 | Spider:3 | Killed Bai Suzhen
 37107 | Spider:3 | Reached skill level 1 in Necromancy
 37161 | Spider:3 | Paralysed by a hornet for 2 turns
 37165 | Spider:3 | Slain by a hornet

Illustrated notes

Levels and vault maps discovered:
D:1:      minmay_arrival_cross, layout_basic
D:2:      minmay_diamond_boxcup, layout_rooms,
          shapermc_ecumenical_altar_flowoftime
D:3:      layout_basic, jmf_multi_god_temple, serial_glass, glass_columns_b,
          glass_columns_c, glass_columns_b, glass_columns_a, glass_columns_a,
          glass_columns_b, glass_columns_a, glass_columns_a, uniq_jessica,
          uniq_robin
D:4:      layout_basic, serial_park_tiny_2, uniq_eustachio
D:5:      minmay_chambers_of_fours, layout_basic, grunt_ministairs_13,
          nicolae_inconvenience_store
D:6:      layout_layer_cave, serial_shops, shop
D:7:      layout_basic, minmay_temple_entry_drinking_statues,
          gammafunk_ghost_nasty_kobolds, minmay_misc_feat_pillars, uniq_menkaure
D:8:      layout_basic
D:9:      cheibrodos_wizards_tower, layout_long_grid, hiddenorc2_lemuel,
          gammafunk_ghost_wrathful_warriors, grunt_ministairs_12, st_stairs_13,
          hangedman_abyss_or_decor_stagger, minmay_misc_feat_nine_boxes,
          minmay_misc_feat_cross
D:10:     layout_rooms, david_lair_shrubbed
D:11:     layout_basic
D:12:     layout_stronghold
D:13:     layout_stronghold, erik_vaults_1, serial_bayou, serial_bayou_pond_c,
          serial_bayou_pond_e, serial_bayou_pond_d, serial_bayou_shore_b,
          st_stairs_12, minmay_misc_feat_doors, minmay_statue_crystal_thing
D:14:     layout_long_grid, kennysheep_doodads, special_room [special_room_bee],
          uniq_louise
D:15:     grunt_enter_depths_magical_seal, layout_basic, nrook_pool_corridor,
          nooodl_orcs_dogs, uniq_agnes
Lair:1:   layout_gridlike, grunt_megastairs_3
Lair:2:   layout_regular_city, cheibrodos_lair_lostbears
Lair:3:   dpeg_oklob_gauntlet, layout_chaotic_city, elwin_shoals_entry_stream,
          spider_nest_entry_funnel_web, uniq_sonja
Lair:4:   layout_misc_corridors, serial_bayou_lagoon_b, grunt_megastairs_5
Lair:5:   layout_cave_pods, forest_entry_grove
Lair:6:   evil_forest, layout_gridlike, slime_altar_1, lemuel_fruit_fields,
          uniq_urug
Shoals:1: layout_shoals, yaktaur_hedge, uniq_aizul, uniq_kirke
Shoals:2: layout_shoals, ebering_ghost_davey_jones, lemuel_oklob_altar
Shoals:3: layout_shoals, nicolae_shoals_elemental_ambush
Shoals:4: shoals_end_grunt_garden, layout_shoals,
          nicolae_shoals_circle_sea_wall, nicolae_specific_store
Spider:1: layout_spider_delve, special_room
Spider:2: layout_chambers, lemuel_hornet_nest, uniq_jorgrun
Spider:3: layout_chambers, nicolae_spider_wall_of_niches
Spider:4: grunt_spider_rune_island, uniq_bai_suzhen
Orc:1:    layout_diamond_mine, gammafunk_ghost_berserking_beasts, uniq_nergalle,
          uniq_snorg
Orc:2:    grunt_orc_tribal_feast, layout_caves, gammafunk_ghost_abyssal_escape,
          minmay_orc_barracks

Skill      XL: |  1  2  3  4  5  6  7  8  9 10 11 12 13 14 15 16 17 18 |
---------------+-------------------------------------------------------+-----
Transmutations | 1 |  1.0
Poison Magic   | 4 5 7 8 9 11 | 11.1
Fighting       | 3 4 6 8 10 12 13 | 13.7
Spellcasting   | 3 4 |  4.0
Invocations    | 2 11 13 15 17 18 19 20 22 23 | 23.3
Shields        | 5 |  5.0
Long Blades    | 4 7 9 10 11 12 14 | 14.0
Evocations     | 4 6 |  6.1
Throwing       | 2 4 |  4.0
Dodging        | 5 7 9 10 11 | 11.1
Hexes          | 2 4 |  4.0
Armour         | 4 5 |  5.0
Necromancy     | 1 |  1.2
Stealth        | |  1.7

Action                   |  1- 3 |  4- 6 |  7- 9 | 10-12 | 13-15 | 16-18 || total
-------------------------+-------+-------+-------+-------+-------+-------++-------
Melee: Unarmed           |    25 |       |       |       |       |       ||    25
       Dagger            |    31 |   135 |   169 |       |       |       ||   335
       Kick              |     8 |    29 |     2 |       |       |       ||    39
       Tailslap          |     4 |    15 |    38 |    64 |   151 |    97 ||   369
       Touch             |       |    12 |    44 |     1 |   128 |   135 ||   320
       Hand axe          |       |       |    15 |   139 |       |       ||   154
       Long sword        |       |       |       |   219 |   781 |   543 ||  1543
       Rapier            |       |       |       |       |     4 |       ||     4
       Demon blade       |       |       |       |       |       |   116 ||   116
Throw: Boomerang         |       |       |       |     4 |    36 |       ||    40
       Dart              |       |       |       |       |     2 |       ||     2
 Cast: Sting             |    61 |    21 |    48 |     4 |       |       ||   134
       Olgreb's Toxic Ra |       |     8 |    31 |    81 |   123 |   202 ||   445
       Slow              |       |       |       |       |       |     4 ||     4
       Confusing Touch   |       |       |       |       |       |     1 ||     1
Invok: Draw Destruction  |       |       |     5 |    12 |    22 |    20 ||    59
       Draw Summoning    |       |       |     1 |     9 |    13 |     2 ||    25
       Draw Escape       |       |       |       |       |     3 |     6 ||     9
       Deal Four         |       |       |       |       |       |     3 ||     3
       Triple Draw       |       |       |       |       |       |     1 ||     1
Evoke: Wand              |       |       |       |    12 |       |    14 ||    26
       Tin of tremorston |       |       |       |     3 |     6 |     5 ||    14
       Condenser vane    |       |       |       |       |       |     1 ||     1
  Use: Scroll            |       |       |     6 |     6 |    12 |    14 ||    38
       Potion            |       |       |       |     3 |     3 |     4 ||    10
 Stab: Sleeping          |     1 |     5 |     1 |     2 |     5 |     1 ||    15
       Paralysed         |       |       |     9 |    30 |    30 |    25 ||    94
       Distracted        |       |       |       |       |     2 |       ||     2
       Held in net/web   |       |       |       |       |       |     1 ||     1
Armor: Robe              |    19 |    40 |    81 |     8 |       |       ||   148
       Troll leather arm |       |       |       |   203 |   424 |   315 ||   942
Dodge: Dodged            |    77 |    93 |   102 |   221 |   693 |   935 ||  2121
       Repelled          |       |       |       |       |     5 |    14 ||    19
Block: Buckler           |       |       |       |   116 |   123 |       ||   239

Table legend: (Time is in decaauts)
 A = Elapsed time spent in this place.
 B = Non-inter-level travel time spent in this place.
 C = Inter-level travel time spent in this place.
 D = Time resting spent in this place.
 E = Time spent auto-exploring this place.
 F = Levels seen in this place.
 G = Mean time per level.
                   A        B        C        D        E       F      G
               +--------+--------+--------+--------+--------+-----+--------+
         Total |  37438 |  35053 |   2385 |   1737 |  25264 |  32 | 1169.9 |
       Dungeon |  19694 |  18327 |   1367 |    996 |  13730 |  15 | 1312.9 |
          Lair |   6372 |   5766 |    606 |     90 |   4278 |   6 | 1062.0 |
        Shoals |   5464 |   5206 |    258 |    417 |   3247 |   4 | 1366.0 |
   Spider Nest |   4133 |   4045 |     88 |    234 |   2863 |   4 | 1033.2 |
  Orcish Mines |   1749 |   1685 |     64 |      0 |   1142 |   2 |  874.5 |
         Abyss |     25 |     25 |      0 |      0 |      3 |   1 |   25.0 |
               +--------+--------+--------+--------+--------+-----+--------+

Top non-repeatable levels by time:
Shoals:4: 2037 daAuts
Spider:3: 1758 daAuts
     D:5: 1683 daAuts
     D:3: 1636 daAuts
    D:12: 1592 daAuts
     D:2: 1552 daAuts
     D:6: 1515 daAuts
Spider:2: 1502 daAuts
     D:1: 1435 daAuts
     D:4: 1392 daAuts
  Lair:3: 1359 daAuts
     D:7: 1344 daAuts
     D:8: 1335 daAuts
  Lair:6: 1248 daAuts
Shoals:3: 1214 daAuts
